AoeStats
← Blink

Arena

504306654Analyzed
1v1 RM · 26d ago on Sep 4, 2026· 43m 59s· 2 players
Game mode
Random Map
Map size
Tiny (2 player)
Population
200
Speed
Normal
Resources
Standard
Victory
Conquest
Starting age
Dark Age
Ending age
Imperial Age
RankedLock teamsTeams togetherTeam positionsShared explorationLock speedFull tech treeHidden civsTurbo modeCheats
Victory
Defeat
🇺🇸 Burmese · United States
846
+16
🇦🇹 Lithuanians · Austria
855
-43
Blink
9:09 Loom
11:26 Feudal Age
13:13 Feudal Age
14:17 Horse Collar
19:01 Castle Age
18:02 Stone Mining
18:05 Gold Mining
18:13 Man-at-Arms
18:41 Arson
21:24 Husbandry
21:28 Squires
22:18 Gold Shaft Mining
21:48 Heavy Plow
23:06 Fervor
24:06 Sanctity
24:29 Town Watch
26:04 Wheelbarrow
26:38 Redemption
26:30 Devotion
26:32 Atonement
26:28 Herbal Medicine
27:57 Manipur Cavalry
28:09 Bloodlines
28:46 Gambesons
28:22 Long Swordsman
30:18 Hand Cart
36:45 Imperial Age
36:43 Town Patrol
37:27 Two-Handed Swordsman
37:42 Elite Battle Elephant
38:31 Howdah
38:51 Conscription
38:18 Light Cavalry
39:37 Champion
40:32 Forging
40:22 Scale Mail Armor
40:29 Scale Barding Armor
41:08 Elite Arambai
42:48 Crop Rotation
43:19 Parthian Tactics
42:15 Elite Skirmisher
42:55 Hussar
42:56 Cavalier
43:57 Block Printing
44:07 Illumination
44:18 Theocracy
OSAMA
13:32 Feudal Age
14:56 Wheelbarrow
14:49 Double-Bit Axe
16:36 Horse Collar
18:44 Loom
23:32 Gold Mining
23:40 Stone Mining
25:11 Scale Barding Armor
25:13 Scale Mail Armor
28:09 Castle Age
27:40 Bloodlines
30:14 Hand Cart
30:38 Heavy Plow
30:51 Bow Saw
31:19 Stone Shaft Mining
38:16 Imperial Age
37:26 Chain Barding Armor
39:36 Tower Shields
39:25 Cavalier
41:36 Light Cavalry
41:44 Man-at-Arms
Connection lost

Rejoining the realm…

Still unreachable

The connection could not be restored.

Session expired

The server has moved on; the page needs a fresh start.